 Dungeon Crawl Stone Soup version 0.22-a0-479-gc6e99f3 (webtiles) character file.

39237 Darkshadow the Bludgeoner (level 13, -1/124 HPs)
             Began as a Minotaur Berserker on June 14, 2018.
             Was a High Priest of Trog.
             Slain by an ettin
             ... wielding a +0 dire flail
              (32 damage)
             ... on level 14 of the Dungeon.
             The game lasted 01:41:03 (18087 turns).

Darkshadow the Bludgeoner (Minotaur Berserker)     Turns: 18087, Time: 01:41:04

Health: -1/124     AC: 21    Str: 28    XL:     13   Next: 68%
Magic:  4/4        EV: 10    Int:  7    God:    Trog [*****.]
Gold:   1123       SH:  0    Dex:  9    Spells: 12/12 levels left

rFire    . . .     SeeInvis .   a - +6 great mace (antimagic)
rCold    + + +     Gourm    .   (shield currently unavailable)
rNeg     . . .     Faith    .   m - +5 plate armour of Zalel {rC++ Int+3 Stlth-}
rPois    .         Spirit   .   (helmet restricted)
rElec    .         Reflect  .   E - scarf {repulsion}
rCorr    .         Harm     .   (no gloves)
MR       .....                  v - +0 pair of boots
Stlth    ..........             k - amulet of regeneration
HPRegen  0.70/turn              (no ring)
MPRegen  0.09/turn              j - ring of protection from cold

@: flayed, berserk cooldown, fainting, slowed, repel missiles, very slow
A: retaliatory headbutt, horns 2
a: Berserk, Trog's Hand, Brothers in Arms, Renounce Religion


You were on level 14 of the Dungeon.
You worshipped Trog.
Trog was extremely pleased with you.
You were fainting.

You visited 1 branch of the dungeon, and saw 15 of its levels.
You also visited: Labyrinth and Ice Cave.

You collected 1354 gold pieces.
You spent 231 gold pieces at shops.

Inventory:

Hand Weapons
 a - a +6 antimagic great mace (weapon)
 b - a +0 blowgun
Missiles
 o - 379 stones (quivered)
 x - 6 needles of confusion
 I - 78 poisoned needles
Armour
 m - the +5 plate armour of Zalel (worn) {rC++ Int+3 Stlth-}
   (You found it on level 10 of the Dungeon)

   It affects your intelligence (+3).
   It greatly protects you from cold.
   It makes you less stealthy.
 v - a +0 pair of boots (worn)
 E - a scarf of repulsion (worn)
 F - a +2 buckler
Jewellery
 i - an uncursed ring of see invisible
 j - a ring of protection from cold (right hand)
 k - an amulet of regeneration (around neck)
 p - an uncursed ring of protection from fire
 C - an uncursed ring of positive energy
Wands
 g - a wand of iceblast (33)
 u - a wand of digging (24)
 G - a wand of paralysis (25)
 P - a wand of acid (10)
 V - a wand of polymorph (13)
Scrolls
 c - a scroll of remove curse {@r2}
 n - a scroll of enchant weapon
 r - 4 scrolls of blinking
 y - 6 scrolls of teleportation
 D - a scroll of identify {@r1}
 J - 2 scrolls of fog
 N - 2 scrolls of fear
Potions
 e - 4 potions of curing {@q1}
 f - a potion of lignification
 h - 4 potions of heal wounds
 l - 4 potions of cancellation
 q - 2 potions of brilliance
 t - 4 potions of haste
 w - a potion of agility
 z - 3 potions of invisibility
 B - a potion of might
 L - 2 potions of flight
 M - a potion of mutation
Miscellaneous
 O - a box of beasts
 S - a crystal ball of energy
Comestibles
 A - 4 rations


   Skills:
 + Level 14.2 Fighting
 * Level 18.8 Maces & Flails
 + Level 10.9 Armour
 - Level 6.4 Dodging
 - Level 7.0 Shields


You had 12 spell levels left.
You didn't know any spells.
Your spell library was empty.

Dungeon Overview and Level Annotations

Branches:
Dungeon (15/15)            Temple (0/1) D:4            Lair (0/6) D:8
    Orc (0/2) D:10         Vaults (0/5) D:13
 Depths: D:15

Altars:
Cheibriados
Dithmenos
Elyvilon
Fedhas
Gozag
Makhleb
Nemelex Xobeh
Okawaru
Qazlal
Ru
Sif Muna
Trog
Xom
Zin
The Shining One

Shops:
D:8 [   D:11 %

Annotations:
D:10 exclusion: 2 downstairs
D:11 Gastronok


Innate Abilities, Weirdness & Mutations

You reflexively headbutt those who attack you in melee.
You have a pair of horns on your head.


Message History

* * * LOW HITPOINT WARNING * * *
You feel a strong urge to attack something.
You are no longer berserk.
Trog's vigour flows through your veins.
You are exhausted.
You feel yourself slow down.
The flayed ghost stares at you with tortured malice.
The flayed ghost cries, "Suffer as I suffered!"
The flayed ghost cries, "Suffer as I suffered!"
The flayed ghost stares at you with tortured malice.
The flayed ghost cries, "Suffer as I suffered!"
Terrible wounds spread across more of your body!
* * * LOW HITPOINT WARNING * * *
The flayed ghost cries, "Suffer as I suffered!"
You are fainting from starvation!
The ettin hits you with a dire flail.
* * * LOW HITPOINT WARNING * * *
The ettin hits you but does no damage. The ettin hits you with a dire flail!!
You die...

..##..###.## #.......#
..###.##..# ##......## .##
#.#...# #........# .####....##
####........# .......###
###...........#
..###...####.....#......##
..>.....##.........#...##
[.#####..........<###### #.#
#####.#.....@## ####### #.#
#.#........C## ##.....##
#.###..........W# ##.......####
#...............###............
##.............O..#.........#
........#.......#.W.........#
....#.....##....###.........#
.##......####.### #.........#
......#....(..#
###.......######


You could see an ettin, a flayed ghost and an ogre.

Vanquished Creatures
  A tengu reaver (D:12)
  Nessos (D:13)
  A minotaur (Lab)
  Josephine (D:11)
  A rakshasa (D:15)
  2 ice dragons (IceCv)
  2 centaur warriors
  A hydra (D:12)
  A two-headed ogre (shapeshifter) (D:15)
  6 two-headed ogres
  A death knight (D:12)
  A tengu warrior (D:9)
  Sonja (D:15)
  2 unseen horrors
  A glowing orange brain (D:15)
  A flayed ghost (D:12)
  A wizard (D:13)
  A deep elf mage (D:13)
  6 ugly things
  4 manticores
  A cyclops (D:14)
  2 ice statues (IceCv)
  3 gargoyles
  An efreet (D:12)
  A kobold demonologist (D:14)
  2 rime drakes (IceCv)
  4 trolls
  A meliai (shapeshifter) (D:15)
  A jumping spider (shapeshifter) (D:15)
  3 hornets
  The ghost of Violenta the Poker, an amateur MfFi (D:3)
  A hippogriff (shapeshifter) (D:10)
  A hippogriff (D:9)
  2 slime creatures (D:15)
  A water elemental (D:12)
  5 wraiths
  18 yaks
  A wyvern (D:14)
  A human (shapeshifter) (D:12)
  2 hungry ghosts
  An acid dragon (D:11)
  A water moccasin (D:7)
  4 sky beasts
  25 ice beasts
  A necrophage (D:8)
  2 orc warriors
  5 ogres
  A phantom (D:12)
  7 centaurs
  4 big kobolds
  Blork the orc (D:6)
  A wyvern zombie (D:14)
  4 bullfrogs
  A gnoll sergeant (D:7)
  A wyvern skeleton (D:14)
  2 scorpions
  5 killer bees (D:10)
  12 wights
  5 howler monkeys
  3 electric eels (D:12)
  4 crimson imps
  A quasit (D:8)
  2 bullfrog skeletons
  4 centaur zombies
  6 hounds
  An iron imp (D:7)
  3 jellies
  Crazy Yiuf (D:2)
  8 orc priests
  3 centaur skeletons
  8 orc wizards
  Jessica (D:2)
  3 iguanas
  7 worker ants
  A hound zombie (D:6)
  2 worker ant zombies
  10 gnolls
  10 adders
  3 shadow imps
  An ooze (D:3)
  An adder zombie (D:6)
  2 worms
  2 dart slugs (D:3)
  6 leopard geckos
  34 orcs
  2 giant cockroaches
  12 goblins
  3 hobgoblins (D:1)
  6 jackals
  25 kobolds
  3 quokkas
  8 bats
  11 frilled lizards (D:1)
  A leopard gecko zombie (D:6)
  A quokka skeleton (D:6)
  5 rats (D:3)
375 creatures vanquished.

Vanquished Creatures (collateral kills)
  A two-headed ogre (D:9)
  A phantom (D:10)
  A centaur (D:10)
  A bullfrog (D:9)
  A howler monkey (D:9)
  A howler monkey zombie (D:9)
6 creatures vanquished.

Vanquished Creatures (others)
  A troll (D:12)
  A sky beast (D:12)
  An orc (D:12)
  A kobold (D:12)
4 creatures vanquished.

Grand Total: 385 creatures vanquished

Notes
Turn   | Place    | Note
-------+----------+-------------------------------------------
     0 | D:1      | Darkshadow the Minotaur Berserker began the quest for the Orb.
     0 | D:1      | Reached XP level 1. HP: 19/19 MP: 0/0
   493 | D:1      | Reached skill level 4 in Maces & Flails
   825 | D:1      | Reached XP level 2. HP: 27/27 MP: 1/1
  1089 | D:1      | Reached XP level 3. HP: 33/33 MP: 2/2
  1130 | D:1      | Reached ** piety under Trog
  1503 | D:2      | Reached skill level 5 in Maces & Flails
  1591 | D:2      | Found a shimmering altar of Xom.
  1604 | D:2      | Noticed an air elemental
  1605 | D:2      | Found a stormy altar of Qazlal.
  1614 | D:2      | Noticed a fire elemental
  1614 | D:2      | Noticed a water elemental
  1614 | D:2      | Noticed an earth elemental
  1692 | D:2      | Noticed Jessica
  1697 | D:2      | Killed Jessica
  1697 | D:2      | Reached XP level 4. HP: 41/41 MP: 3/3
  1758 | D:2      | Found a runed door.
  1916 | D:2      | Noticed Crazy Yiuf
  2247 | D:3      | Found a shadowy altar of Dithmenos.
  2265 | D:3      | Noticed Violenta's ghost (amateur MfFi)
  2274 | D:3      | Killed Violenta's ghost
  2274 | D:3      | Reached skill level 5 in Fighting
  2274 | D:3      | Reached skill level 7 in Maces & Flails
  2274 | D:3      | Reached XP level 5. HP: 49/49 MP: 4/4
  2274 | D:3      | Reached XP level 6. HP: 56/56 MP: 5/5
  2551 | D:3      | Found a faded altar of an unknown god.
  2626 | D:3      | Found an opulent altar of Gozag.
  2997 | D:3      | Found a blossoming altar of Fedhas.
  3038 | D:3      | Found a deep blue altar of Sif Muna.
  3257 | D:4      | Found a staircase to the Ecumenical Temple.
  3358 | D:4      | You fall through a shaft for 3 floors!
  3358 | D:7      | Noticed a water moccasin
  3361 | D:7      | Killed a water moccasin
  3389 | D:7      | Noticed a sky beast
  3395 | D:7      | Killed a sky beast
  3395 | D:7      | Reached skill level 8 in Maces & Flails
  3395 | D:7      | Reached XP level 7. HP: 64/64 MP: 6/6
  3422 | D:7      | Found a sacrificial altar of Ru.
  3691 | D:5      | Entered Level 5 of the Dungeon
  3692 | D:5      | Noticed Blork the orc
  4126 | D:4      | Found a sparkling altar of Nemelex Xobeh.
  4344 | D:5      | Found an iron altar of Okawaru.
  4691 | D:5      | Reached *** piety under Trog
  4691 | D:5      | Reached skill level 9 in Maces & Flails
  5168 | D:5      | Found a glowing silver altar of Zin.
  5171 | D:5      | Found a white marble altar of Elyvilon.
  5172 | D:5      | Found a glowing golden altar of the Shining One.
  5409 | D:6      | Killed Blork the orc
  5509 | D:6      | Reached XP level 8. HP: 73/73 MP: 7/7
  5529 | D:6      | Reached skill level 10 in Maces & Flails
  6153 | D:7      | Reached skill level 11 in Maces & Flails
  6271 | D:7      | Reached **** piety under Trog
  6300 | D:7      | Found a snail-covered altar of Cheibriados.
  6472 | D:7      | Reached XP level 9. HP: 82/83 MP: 8/8
  7091 | D:2      | Killed Crazy Yiuf
  7351 | D:8      | Reached skill level 12 in Maces & Flails
  7405 | D:8      | Found a burning altar of Makhleb.
  7405 | D:8      | Noticed a blizzard demon
  7408 | D:8      | Noticed a hellwing
  7609 | D:8      | Found Rafasobb's Armour Shoppe.
  7618 | D:8      | Bought a +2 buckler for 231 gold pieces
  7628 | D:8      | Found a staircase to the Lair.
  7811 | D:8      | Paralysed by a hornet for 1 turns
  7814 | D:8      | Paralysed by a hornet for 2 turns
  7830 | D:8      | Reached skill level 13 in Maces & Flails
  8094 | D:9      | Reached skill level 10 in Fighting
  8107 | D:9      | Noticed a manticore
  8108 | D:9      | Reached skill level 5 in Armour
  8122 | D:9      | Noticed a two-headed ogre
  8243 | D:9      | Found a bloodstained altar of Trog.
  8447 | D:9      | Reached skill level 1 in Shields
  8502 | D:9      | Noticed a troll
  8508 | D:9      | Killed a troll
  8508 | D:9      | Reached XP level 10. HP: 93/93 MP: 9/9
  8511 | D:9      | Noticed a tengu warrior
  8514 | D:9      | Found the +8 glaive of the Guard {elec, +Rage AC+5 SInv}
  8522 | D:9      | Killed a tengu warrior
  8890 | D:9      | Reached skill level 14 in Maces & Flails
  9387 | D:9      | Killed a manticore
  9387 | D:9      | Reached skill level 5 in Shields
  9400 | D:9      | Killed a two-headed ogre
  9830 | D:10     | Entered Level 10 of the Dungeon
 10017 | D:10     | Found a sacrificial altar of Ru.
 10040 | D:10     | Got a jet-encrusted plate armour
 10051 | D:10     | Identified the +5 plate armour of Zalel {rC++ Int+3 Stlth-} (You found it on level 10 of the Dungeon)
 10066 | D:10     | Reached ***** piety under Trog
 10079 | D:10     | Reached XP level 11. HP: 92/102 MP: 10/10
 10156 | D:10     | Found a staircase to the Orcish Mines.
 10306 | D:10     | Noticed a two-headed ogre
 10315 | D:10     | Killed a two-headed ogre
 10514 | D:10     | Noticed a two-headed ogre
 10521 | D:10     | Killed a two-headed ogre
 10521 | D:10     | Reached skill level 15 in Maces & Flails
 11568 | D:11     | Found Inofax's Food Shop.
 11676 | D:11     | Noticed Josephine
 11720 | D:11     | Noticed Gastronok
 11873 | D:11     | Received a gift from Trog
 11930 | D:11     | Killed Josephine
 11998 | D:12     | Noticed a four-headed hydra
 12007 | D:12     | Killed a four-headed hydra
 12007 | D:12     | Reached skill level 5 in Dodging
 12044 | D:12     | Reached skill level 16 in Maces & Flails
 12210 | D:12     | Found a labyrinth entrance.
 12214 | Lab      | Entered a labyrinth
 13127 | Lab      | Paralysed by fainting for 8 turns
 13144 | Lab      | Paralysed by fainting for 7 turns
 13233 | Lab      | Paralysed by fainting for 7 turns
 14094 | Lab      | Noticed a minotaur
 14106 | Lab      | Killed a minotaur
 14106 | Lab      | Reached XP level 12. HP: 21/112 MP: 3/11
 14110 | Lab      | HP: 4/112 [poisoned by a minotaur]
 14116 | Lab      | Found the +5 robe of Night {Dark MR+ SInv}
 14116 | Lab      | Found the +12 glaive of Prune {chop}
 14247 | D:12     | Noticed a two-headed ogre
 14258 | D:12     | Killed a two-headed ogre
 14481 | D:12     | Noticed a death knight
 14495 | D:12     | Killed a death knight
 14504 | D:12     | Found a large runed door.
 14505 | D:12     | Found a large runed door.
 14523 | D:12     | Found a shadowy altar of Dithmenos.
 14523 | D:12     | Noticed a tengu reaver
 14530 | D:12     | Killed a tengu reaver
 14552 | D:12     | Found a stormy altar of Qazlal.
 15488 | D:13     | Noticed Nessos
 15851 | D:13     | Killed Nessos
 15851 | D:13     | Reached skill level 17 in Maces & Flails
 16138 | D:13     | Noticed a two-headed ogre
 16140 | D:13     | Noticed a centaur warrior
 16144 | D:13     | Killed a two-headed ogre
 16149 | D:13     | Killed a centaur warrior
 16169 | D:13     | Found a gate to the Vaults.
 16883 | D:14     | Reached XP level 13. HP: 118/122 MP: 4/12
 17015 | D:15     | Entered Level 15 of the Dungeon
 17114 | D:15     | Reached skill level 18 in Maces & Flails
 17122 | D:15     | Reached skill level 10 in Armour
 17126 | D:15     | Noticed Sonja
 17137 | D:15     | Killed Sonja
 17269 | D:15     | Found a frozen archway.
 17297 | IceCv    | Entered an ice cave
 18064 | D:14     | Noticed an ettin
 18087 | D:14     | Slain by an ettin

Vault maps used:
D:1:      saegor_arrival_simple_d, minmay_lizard_king
D:2:      nicolae_qazlal_style_of_elements, xom_teletrap_fun, first_ration,
          wad_floor_pattern_untrapped, uniq_crazy_yiuf_cottage, uniq_jessica
D:3:      nicolae_dithmenos_shadow_blocks, grunt_gozag_breadcrumbs,
          lemuel_round_altar, chequers_ecumenical_altar_simple_redux,
          led_sif_pool
D:4:      minmay_temple_entry_mist, minmay_misc_feat_more_columns,
          kennysheep_minor_cross, nemelex_lonely_heart_becter
D:5:      lemuel_ice_spiral_2, good_gods_temple_1, okawaru_ov_weapons_minmay,
          uniq_blork_the_orc
D:7:      slow_altar_2, enter_bailey_3, basic_altar
D:8:      lair_entry_dummy, serial_shops, nicolae_shop_trees,
          hangedman_pestilent_swarm, makhleb_altar_promises_db
D:9:      lemuel_doored_altar, small_chamber_with_monster
D:10:     hiddenorc1_lemuel, roderic_serpentine_path,
          nicolae_ru_sacrificial_ziggurat
D:11:     serial_shops, shop, hex_medium, uniq_josephine, uniq_gastronok
D:12:     lab_entry_generic, jmf_multi_god_temple2
D:13:     david_vaults_1, uniq_nessos
D:14:     thingy_vault, patterned_corridor
D:15:     gammafunk_enter_depths_forms, portal_ice_cave_entry_ice_beasts,
          nrook_loot_triangle, uniq_roxanne, uniq_sonja, uniq_louise
IceCv:    ice_cave_small_dragons

Skill      XL: |  1  2  3  4  5  6  7  8  9 10 11 12 13 |
---------------+----------------------------------------+-----
Maces & Flails | 4 5 7 8 9 11 13 14 16 17 18 | 18.8
Fighting       | 4 5 6 7 9 10 11 12 13 14 | 14.2
Armour         | 5 7 9 10 | 10.9
Shields        | 2 6 7 |  7.0
Dodging        | 5 6 |  6.4

Action                   |  1- 3 |  4- 6 |  7- 9 | 10-12 | 13-15 || total
-------------------------+-------+-------+-------+-------+-------++-------
Melee: Mace              |    66 |    46 |    88 |       |       ||   200
       Headbutt          |     8 |     8 |    45 |    83 |    42 ||   186
       Morningstar       |       |       |   152 |   305 |       ||   457
       Great mace        |       |       |       |   143 |   195 ||   338
 Fire: Blowgun           |       |       |       |     1 |     5 ||     6
Throw: Stone             |    21 |    33 |    51 |    33 |     4 ||   142
Invok: Berserk           |     2 |     2 |     8 |    13 |     3 ||    28
       Trog's Hand       |       |       |     1 |     1 |       ||     2
       Brothers in Arms  |       |       |       |     3 |       ||     3
Evoke: Wand              |       |       |       |     2 |       ||     2
  Use: Scroll            |       |     7 |     7 |    10 |     3 ||    27
       Potion            |       |       |     1 |     2 |       ||     3
  Eat: Chunk             |     3 |     2 |    12 |    15 |     2 ||    34
       Ration            |       |     2 |     4 |     7 |     1 ||    14
Armor: Animal skin       |    15 |     5 |       |       |       ||    20
       Chain mail        |       |     2 |   119 |    31 |       ||   152
       Plate armour      |       |       |       |   192 |    94 ||   286
Dodge: Dodged            |    43 |    31 |    99 |   152 |    61 ||   386
       Deflected         |       |       |       |    13 |     1 ||    14
Block: Buckler           |       |       |    11 |    88 |       ||    99

Table legend:
 A = Spawn XP
 B = Non-spawn XP
 C = Spawn XP percentage of total XP
 D = Spawn monster count
 E = Non-spawn monster count
 F = Spawn count percentage of total count
 G = Total turns spent on level
                    A         B        C        D         E        F      G
               +---------+---------+-------+---------+---------+-------+---------
         Total |       0 |   56053 |   0.0 |       0 |     381 |   0.0 | 18087
               +---------+---------+-------+---------+---------+-------+---------
           D:1 |       0 |      47 |   0.0 |       0 |      30 |   0.0 |  1430
           D:2 |       0 |     114 |   0.0 |       0 |       9 |   0.0 |   715
           D:3 |       0 |     379 |   0.0 |       0 |      22 |   0.0 |  1291
           D:4 |       0 |      71 |   0.0 |       0 |       4 |   0.0 |   774
           D:5 |       0 |     253 |   0.0 |       0 |      14 |   0.0 |  1156
           D:6 |       0 |     836 |   0.0 |       0 |      19 |   0.0 |   881
           D:7 |       0 |    1271 |   0.0 |       0 |      23 |   0.0 |  1011
           D:8 |       0 |    1666 |   0.0 |       0 |      23 |   0.0 |   763
           D:9 |       0 |    4778 |   0.0 |       0 |      38 |   0.0 |  1857
          D:10 |       0 |    5323 |   0.0 |       0 |      52 |   0.0 |  1365
          D:11 |       0 |    4222 |   0.0 |       0 |      26 |   0.0 |   746
          D:12 |       0 |    9310 |   0.0 |       0 |      43 |   0.0 |  1515
          D:13 |       0 |    6304 |   0.0 |       0 |      15 |   0.0 |  1266
          D:14 |       0 |    6517 |   0.0 |       0 |      19 |   0.0 |   490
          D:15 |       0 |    8781 |   0.0 |       0 |      23 |   0.0 |   363
           Lab |       0 |     734 |   0.0 |       0 |       1 |   0.0 |  2030
         IceCv |       0 |    5447 |   0.0 |       0 |      20 |   0.0 |   434
               +---------+---------+-------+---------+---------+-------+---------
